Map: Ruins of Seras

Players

Lilbow

  • Race: Protoss Protoss
  • League: Grandmaster

SortOf - Winner!

  • Race: Zerg Zerg
  • League: Grandmaster

Event: 2016 WCS Winter Circuit Championship

VOD

Have the link to the VOD?

Description

Time

  • Played on: March 2, 2016, 10:45 a.m.
  • Length: 7:13

All games in this series

Show
View Real Time Build Order
Export as new Build Order

Lilbow Protoss 

Build Orders: 1 Gate Expand 

Get SALT Encoding   

  12  0:00  Probe (Chrono Boost)  
  13  0:11  Probe (Chrono Boost)  
  14  0:17  Pylon  
  14  0:22  Probe (Chrono Boost)  
  16  0:35  Probe (Chrono Boost)  
  16  0:37  Gateway  
  16  0:46  Probe (Chrono Boost)  
  16  0:47  Assimilator  
  17  0:56  Probe (Chrono Boost)  
  18  1:07  Probe (Chrono Boost)  
  19  1:18  Probe (Chrono Boost)  
  20  1:26  Nexus  
  20  1:34  Cybernetics Core  
  20  1:38  Probe (Chrono Boost)  
  21  1:45  Pylon  
  21  1:50  Assimilator  
  21  1:53  Probe (Chrono Boost)  
  22  2:02  Warp Gate (Chrono Boost)  
  22  2:03  Probe (Chrono Boost)  
  23  2:11  Adept  
  23  2:14  Probe  
  26  2:26  Probe  
  27  2:36  Probe  
  27  2:38  Probe, Sentry (Chrono Boost)  
  31  2:48  Probe  
  31  2:49  Gateway  
  31  2:51  Probe  
  33  3:00  Probe  
  33  3:02  Gateway  
  33  3:03  Probe, Sentry (Chrono Boost)  
  33  3:05  Gateway  
  37  3:12  Probe  
  38  3:15  Probe  
  39  3:23  Pylon  
  39  3:24  Probe  
  39  3:26  Sentry (Chrono Boost)  
  42  3:27  Probe  
  42  3:33  Assimilator  
  43  3:36  Probe  
  43  3:39  Probe  
  46  3:48  Probe (Chrono Boost)  
  46  3:49  Pylon  
  46  3:50  Assimilator  
  46  3:51  Probe (Chrono Boost)  
  47  3:58  Sentry  
  47  3:59  Adept, Probe (Chrono Boost), Sentry  
  47  4:02  Pylon  
  54  4:04  Pylon  
  54  4:07  Probe (Chrono Boost), Adept  
  57  4:10  Probe (Chrono Boost)  
  58  4:18  Probe (Chrono Boost)  
  58  4:21  Twilight Council  
  58  4:22  Adept x3  
  65  4:30  Zealot  
  67  4:36  Gateway  
  67  4:39  Gateway  
  67  4:59  Blink (Chrono Boost)  
  65  5:00  Stalker  
  65  5:01  Stalker x3  
  73  5:10  Gateway  
  73  5:14  Pylon  
  73  5:24  Stalker x2  
  73  5:27  Pylon  
  77  5:28  Pylon  
  77  5:39  Stalker x4  
  73  5:47  Stalker x2  
  59  6:03  Stalker  
  59  6:04  Stalker x3  
  61  6:10  Stalker x2  
  63  6:29  Stalker x4  
  57  6:32  Stalker  
  59  6:41  Stalker x2  
  55  6:54  Stalker x3  
  55  6:55  Stalker  
  49  7:01  Zealot  
Show
View Real Time Build Order
Export as new Build Order

SortOf Zerg - Winner!

Build Orders: 3 Hatch before Pool 

Get SALT Encoding   

  12  0:00  Drone  
  13  0:13  Overlord  
  13  0:18  Drone  
  14  0:31  Drone x2  
  14  0:35  Drone  
  17  0:45  Drone  
  18  0:56  Hatchery  
  17  0:59  Drone  
  18  1:21  Hatchery  
  18  1:24  Drone  
  18  1:27  Drone  
  18  1:31  Drone  
  20  1:38  Extractor  
  19  1:45  Spawning Pool  
  18  1:47  Drone  
  18  1:53  Drone  
  20  2:03  Drone  
  20  2:08  Drone  
  22  2:13  Drone  
  23  2:22  Drone x2  
  25  2:30  Overlord  
  25  2:32  Queen x2  
  25  2:34  Zergling x2  
  30  2:37  Zergling x2  
  30  2:41  Metabolic Boost  
  31  2:45  Drone  
  31  2:47  Drone  
  34  2:51  Drone  
  34  2:54  Zergling x2  
  34  2:56  Drone x2  
  37  3:03  Queen  
  37  3:05  Drone  
  40  3:10  Drone x2  
  42  3:16  Roach Warren  
  42  3:19  Drone  
  42  3:24  Overlord  
  42  3:25  Overlord  
  42  3:29  Overlord  
  42  3:36  Extractor  
  42  3:41  Drone  
  42  3:44  Drone x6  
  42  3:47  Overlord  
  47  3:53  Queen  
  49  3:59  Roach  
  49  4:00  Roach x2  
  55  4:04  Roach  
  55  4:07  Roach  
  55  4:09  Drone  
  60  4:10  Extractor  
  60  4:11  Drone x2  
  60  4:15  Roach  
  60  4:16  Drone  
  63  4:21  Roach x2  
  63  4:23  Overlord  
  67  4:26  Ravager  
  67  4:29  Queen  
  70  4:33  Zergling x4  
  70  4:37  Ravager  
  73  4:41  Queen  
  73  4:42  Overlord  
  75  4:52  Roach x2  
  78  4:53  Roach  
  78  4:55  Roach, Zergling x2  
  79  5:00  Zergling x10  
  79  5:02  Ravager  
  81  5:10  Zergling x12  
  81  5:12  Ravager  
  88  5:16  Zergling x2  
  88  5:17  Zergling x2  
  90  5:22  Overlord  
  90  5:23  Overlord  
  90  5:27  Lair  
  86  5:40  Zergling x4  
  86  5:41  Roach, Zergling x2  
  83  5:44  Roach x3, Zergling x4  
  83  5:48  Zergling x6  
  88  5:50  Zergling x2  
  88  5:52  Zergling x2  
  88  5:53  Zergling x2  
  88  5:56  Zergling x2  
  87  6:03  Zergling x8  
  87  6:06  Zergling x2  
  87  6:09  Zergling x2  
  86  6:13  Ravager x4  
  86  6:15  Zergling x4  
  85  6:25  Zergling x2  
  85  6:26  Zergling x6  
  85  6:28  Overseer, Zergling x4  
  85  6:30  Queen  
  85  6:32  Zergling x2  
  87  6:33  Ravager  
  87  6:34  Zergling x4  
  87  6:38  Drone, Zergling x4  
  93  6:40  Zergling x2  
  93  6:44  Zergling x2  
  89  6:54  Zergling x8  
Tags
 
Add a new tag
Caveats
  • Supply blocks, unpowered buildings, or Contaminate may cause inaccurate times.
  • Supply counts are checked every 10 seconds.